 Dungeon Crawl Stone Soup version 0.17-a0-1945-gfe993df (webtiles) character file.

731 4thArraOfDagon the Insei (level 7, -1/35 HPs)
             Began as a Tengu Monk on Sept 30, 2015.
             Slain by an ooze (2 damage)
             ... on level 10 of the Dungeon.
             The game lasted 00:13:05 (2347 turns).

4thArraOfDagon the Insei (Tengu Monk)               Turns: 2347, Time: 00:13:05

Health: -1/35      AC: 10    Str: 11    XL:     7   Next: 73%
Magic:  7/8        EV: 18    Int: 12    God:
Gold:   223        SH:  0    Dex: 17    Spells: 0 memorised, 6 levels left

rFire  . . .     SeeInvis .       - Unarmed
rCold  . . .     Clarity  .     v - +1 leather armour {rN+}
rNeg   + . .     SustAt   .     (no shield)
rPois  .         Gourm    +     (helmet restricted)
rElec  .         Spirit   .     (no cloak)
rCorr  .         Warding  .     k - +0 pair of gloves
rMut   .         Rnd*Tele +     (boots unavailable)
MR     .....                    l - amulet of the gourmand
Stlth  ++........               r - ring of teleportation
                                i - +3 ring of protection

@: lethally poisoned (-1 -> -17), flying quickly and evasively, quick, not
resistant to hostile enchantments, unstealthy
A: beak, talons 3, thin metallic scales 1, frail 2, able to fly 1
a: Evoke Teleportation


You were on level 10 of the Dungeon.
You were not hungry.

You visited 2 branches of the dungeon, and saw 11 of its levels.
You also visited: Bailey.

You collected 223 gold pieces.

Inventory:

Missiles
 c - 2 throwing nets
 f - 2 javelins (quivered)
Armour
 j - a +2 shield
 k - a +0 pair of gloves (worn)
 v - a +1 leather armour of positive energy (worn)
Jewellery
 h - a +2 ring of strength
 i - a +3 ring of protection (left hand)
 l - an amulet of the gourmand (around neck)
 r - a ring of teleportation (right hand)
Magical devices
 e - a wand of flame (23)
 o - a wand of disintegration (0)
 q - a wand of magic darts (18)
Scrolls
 a - a scroll of random uselessness {unknown}
 d - 2 scrolls of remove curse
 p - a scroll of holy word {unknown}
 t - a scroll of identify
Potions
 m - 3 potions of ambrosia
Comestibles
 b - 3 bread rations
 g - a beef jerky
 n - a royal jelly
 s - 3 meat rations


   Skills:
 + Level 5.0 Fighting
 + Level 5.3 Dodging
 - Level 2.0 Stealth
 + Level 2.5 Shields
 * Level 7.3 Unarmed Combat


You had 6 spell levels left.
You didn't know any spells.

Dungeon Overview and Level Annotations

Branches:
Dungeon (10/15)            Temple (1/1) D:6
   Lair: D:8-11         Orc: D:9-12

Altars:
Elyvilon
Fedhas
Gozag
Makhleb
Nemelex Xobeh
Qazlal
Ru
Sif Muna
Trog
Vehumet
Xom
Yredelemnul
Zin
The Shining One

Shops:
D:7 }


Innate Abilities, Weirdness & Mutations

You have a beak for a mouth.
You have claws for feet.
You can fly.
You are partially covered in thin metallic scales (AC +2).
You are very frail (-20% HP).


Message History

* * * LOW HITPOINT WARNING * * *
You feel sick.
The scorpion stings you but does no damage.
The ooze hits you.
* * * LOW HITPOINT WARNING * * *
Unknown command.
Drink which item? (? for menu, Esc to quit)
Okay, then.
You punch the scorpion!
You kill the scorpion!
Your Fighting skill increases to level 5!
* * * LOW HITPOINT WARNING * * *
You feel sick. The ooze barely misses you.
Unknown command.
Unknown command.
You punch the orc!
You kill the orc!
* * * LOW HITPOINT WARNING * * *
You feel sick. The ooze hits you.
You die...

#)# ####.# .. ##
###...###### #.
J##.........#
#J#.##.#######.#
## #JJ.##.#
...o##J##ā‰ˆ.#
#.ā‰ˆ.ā‰ˆJā‰ˆJJ#
#o....#..#J#
#.#.....##@# #
########.).....#
#######..


You could see 3 oozes.

Vanquished Creatures
  An ogre (D:7)
  A giant frog (D:6)
  A scorpion (D:10)
  A crimson imp (D:6)
  A jelly (D:5)
  A wasp zombie (D:6)
  A quasit (D:6)
  A giant frog skeleton (D:5)
  4 hounds
  2 worker ants
  2 worker ant zombies (D:3)
  A hound skeleton (D:6)
  3 adders
  3 gnolls (D:5)
  3 shadow imps
  3 adder skeletons
  A worm (D:2)
  2 giant geckos (D:2)
  7 orcs
  A ball python (D:1)
  5 giant cockroaches
  7 hobgoblins
  3 jackals (D:5)
  6 kobolds
  A quokka (D:2)
  8 bats
  4 giant newts
  6 goblins
  4 rats
84 creatures vanquished.

Notes
Turn   | Place    | Note
--------------------------------------------------------------
     0 | D:1      | 4thArraOfDagon the Tengu Monk began the quest for the Orb.
     0 | D:1      | Reached XP level 1. HP: 14/14 MP: 2/2
    63 | D:2      | Reached XP level 2. HP: 16/19 MP: 3/3
   391 | D:2      | Reached XP level 3. HP: 19/23 MP: 4/4
   473 | D:2      | Reached skill level 5 in Unarmed Combat
   626 | D:3      | Reached XP level 4. HP: 19/28 MP: 5/5
   871 | D:4      | Got a dazzling long sword
   873 | D:4      | Identified the +3 long sword of Doisug {slice, -Tele +Fly Int+5} (You found it on level 4 of the Dungeon)
   933 | D:4      | Gained mutation: You can fly. [Tengu growth]
   933 | D:4      | Reached XP level 5. HP: 32/32 MP: 6/6
   963 | D:4      | Noticed an ogre
   986 | D:5      | Entered Level 5 of the Dungeon
  1053 | D:5      | Found a radiant altar of Vehumet.
  1087 | D:5      | Noticed a sky beast
  1225 | D:6      | Found a staircase to the Ecumenical Temple.
  1240 | Temple   | Entered the Ecumenical Temple
  1333 | D:6      | Reached skill level 6 in Unarmed Combat
  1351 | D:6      | Reached skill level 1 in Shields
  1351 | D:6      | Reached XP level 6. HP: 25/38 MP: 7/7
  1416 | D:7      | Found Deoxtul's Gadget Emporium.
  1666 | D:6      | Reached skill level 5 in Dodging
  1729 | D:5      | Reached XP level 7. HP: 27/44 MP: 5/8
  1764 | D:5      | Gained mutation: You are frail (-10% HP). [potion of mutation]
  1764 | D:5      | Gained mutation: You are very frail (-20% HP). [potion of mutation]
  1764 | D:5      | Gained mutation: You are partially covered in thin metallic scales (AC +2). [potion of mutation]
  1784 | D:5      | welcome to felid land
  1987 | D:7      | Found a flagged portal.
  1997 | Bailey   | Entered a bailey
  2004 | Bailey   | Noticed a deep elf fighter
  2036 | D:7      | Reached skill level 7 in Unarmed Combat
  2171 | D:9      | Found a basalt altar of Yredelemnul.
  2187 | D:9      | Noticed a cyclops
  2210 | D:10     | Entered Level 10 of the Dungeon
  2212 | D:10     | Noticed a yak
  2212 | D:10     | Noticed a yak
  2212 | D:10     | Noticed a yak
  2212 | D:10     | Noticed a yak
  2212 | D:10     | Noticed a yak
  2212 | D:10     | Noticed a yak
  2346 | D:10     | Reached skill level 5 in Fighting
  2347 | D:10     | HP: 1/35 [poisoned by a scorpion]
  2347 | D:10     | Slain by an ooze

Vault maps used:
D:1:      scummos_arrival_hexagon, minmay_misc_feat_iff
D:3:      serial_undead, serial_undead_a, serial_undead_c, serial_undead_f,
          serial_undead_f, minmay_misc_feat_enclosed
D:4:      kennysheep_vampire_church, first_bread
D:5:      fiery_altar_vehumet, st_stairs_1
D:6:      temple_pool_b, st_stairs_1
D:7:      corexii_shantytown, enter_bailey_8, serial_shops, shop
D:8:      minitemple, serial_bayou_pond_d, uniq_prince_ribbit1
D:9:      kennysheep_mini_moat, due_lair_maze_entry_diamond
D:10:     hangedman_little_slice_of_home
Temple:   nicolae_temple_x_marks_the_god
Bailey:   bailey_polearm_3, bailey

Action                   |  1- 3 |  4- 6 |  7- 9 || total
-------------------------+-------+-------+-------++-------
Melee: Unarmed           |    84 |   151 |    80 ||   315
 Abil: Fly               |       |     5 |     4 ||     9
       Evoke Flight      |       |     1 |       ||     1
       Evoke Teleportati |       |       |     1 ||     1
Evoke: Wand              |       |     5 |     1 ||     6
  Use: Scroll            |       |     5 |     4 ||     9
       Potion            |       |     5 |     1 ||     6
 Stab: Sleeping          |     9 |     2 |       ||    11
  Eat: Chunk             |       |     4 |     5 ||     9
